Map: Dreamcatcher LE

Players

WiNdRiVeN

  • Race: Zerg Zerg
  • League: Master
  • Spawn Location: 5:00

Before - Winner!

  • Race: Protoss Protoss
  • League: Master
  • Spawn Location: 11:00

VOD

Have the link to the VOD?

Description

Time

  • Played on: Aug. 11, 2018, 4:14 p.m.
  • Length: 12:15
Show
View Real Time Build Order
Export as new Build Order

WiNdRiVeN Zerg 

Build Orders: Pool First 

Get SALT Encoding   

  12  0:01  Drone  
  13  0:12  Overlord  
  13  0:17  Drone  
  14  0:30  Drone x2  
  14  0:34  Drone  
  17  0:54  Drone  
  17  0:56  Spawning Pool  
  17  0:58  Drone  
  18  1:07  Drone  
  19  1:18  Drone  
  20  1:28  Drone  
  21  1:34  Hatchery  
  21  1:39  Overlord  
  20  1:44  Queen  
  20  1:46  Extractor  
  21  1:51  Drone  
  22  2:00  Zergling x2  
  23  2:11  Drone  
  24  2:18  Hatchery  
  23  2:25  Queen  
  25  2:31  Drone  
  26  2:37  Drone  
  26  2:43  Overlord  
  27  2:49  Drone  
  28  2:53  Metabolic Boost  
  28  2:56  Drone  
  28  2:57  Drone  
  30  3:07  Drone x2  
  32  3:28  Drone x3  
  32  3:29  Drone x3  
  32  3:31  Drone  
  37  3:36  Drone x2  
  37  3:37  Drone x2  
  42  3:41  Drone x2  
  42  3:45  Lair  
  43  3:50  Spore Crawler  
  43  3:52  Spore Crawler  
  43  3:55  Spore Crawler  
  40  3:57  Overlord  
  40  3:59  Drone  
  40  4:01  Zergling x2  
  40  4:02  Zergling x2  
  43  4:06  Extractor  
  42  4:11  Zergling x10  
  47  4:17  Zergling x6  
  47  4:20  Drone x2  
  47  4:22  Drone  
  53  4:25  Drone  
  54  4:36  Drone, Extractor  
  54  4:38  Extractor  
  53  4:42  Overlord  
  53  4:46  Drone  
  53  4:48  Drone x5, Hydralisk Den  
  53  4:51  Overlord x2  
  58  4:56  Overlord  
  58  5:02  Drone  
  58  5:04  Drone  
  58  5:05  Drone x3  
  62  5:14  Queen, Overlord x2  
  62  5:18  Evolution Chamber  
  63  5:23  Muscular Augments  
  63  5:24  Drone x2  
  63  5:26  Drone x2  
  67  5:31  Drone x3  
  70  5:38  Hydralisk  
  70  5:39  Hydralisk  
  70  5:40  Hydralisk  
  76  5:45  Baneling Nest  
  76  5:48  Zerg Missile Weapons Level 1  
  75  5:51  Evolution Chamber  
  75  5:53  Hydralisk  
  75  5:54  Hydralisk  
  75  5:56  Hydralisk  
  80  6:07  Hydralisk x2  
  80  6:08  Hydralisk  
  80  6:10  Overlord  
  86  6:13  Overseer  
  86  6:14  Overseer  
  82  6:31  Zerg Melee Weapons Level 1  
  82  6:32  Hydralisk x3  
  80  6:34  Grooved Spines, Hydralisk  
  80  6:38  Zergling x2  
  80  6:39  Zergling x18  
  98  6:49  Overlord x4  
  98  6:51  Drone  
  99  6:59  Overlord x2  
  99  7:00  Drone x2  
  101  7:04  Overlord x2  
  101  7:14  Drone x7  
  108  7:23  Baneling  
  108  7:24  Baneling x10  
  108  7:28  Centrifical Hooks  
  108  7:33  Hatchery  
  107  7:46  Zerg Missile Weapons Level 2  
  107  7:48  Overlord x2  
  107  7:53  Lurker Den, Extractor  
  107  7:54  Drone, Extractor  
  107  7:57  Hydralisk x3  
  77  8:18  Drone  
  77  8:19  Hydralisk x5  
  80  8:26  Hydralisk  
  88  8:27  Hydralisk  
  88  8:29  Zergling x10  
  88  8:30  Zergling x12  
  95  8:47  Hydralisk x7  
  74  8:58  Hydralisk x3  
  76  9:07  Hydralisk x2  
  76  9:12  Zergling x4  
  76  9:13  Zergling x8  
  81  9:27  Hydralisk x4  
  84  9:39  Hydralisk x3  
  90  9:46  Hydralisk  
  90  9:48  Hydralisk  
  94  10:01  Hatchery  
  93  10:09  Hydralisk x3  
  99  10:16  Hydralisk  
  99  10:17  Hydralisk  
  103  10:22  Baneling x4  
  103  10:36  Hydralisk x3  
  103  10:40  Hydralisk  
  111  10:43  Zergling x2  
  111  10:44  Zergling x4  
  114  10:53  Hydralisk  
  114  10:54  Hydralisk  
  118  11:00  Hydralisk x2  
  122  11:19  Hydralisk x4  
  78  11:33  Hydralisk x3  
  78  11:39  Hydralisk x2  
  75  11:45  Hydralisk  
  79  11:50  Baneling x2  
Show
View Real Time Build Order
Export as new Build Order

Before Protoss - Winner!

Build Orders: 1 Gate Expand, Oracle Opening, Phoenix Opening 

Get SALT Encoding   

  12  0:01  Probe  
  13  0:13  Probe  
  14  0:19  Pylon  
  14  0:25  Probe  
  15  0:33  Probe  
  15  0:39  Gateway  
  15  0:41  Probe  
  16  0:49  Assimilator  
  17  0:52  Probe  
  18  1:01  Pylon  
  17  1:04  Probe  
  18  1:16  Probe  
  19  1:37  Nexus  
  19  1:51  Cybernetics Core  
  19  2:00  Assimilator  
  19  2:03  Pylon  
  19  2:09  Probe  
  20  2:18  Adept  
  20  2:22  Probe  
  21  2:28  Gateway  
  23  2:34  Probe  
  24  2:37  Warp Gate  
  23  2:46  Probe  
  23  2:50  Stargate  
  24  2:54  Probe  
  24  2:58  Probe  
  26  3:05  Adept  
  28  3:08  Probe  
  28  3:10  Probe  
  30  3:16  Probe  
  30  3:18  Probe  
  30  3:24  Oracle, Probe  
  30  3:26  Probe  
  32  3:34  Probe  
  36  3:41  Shield Battery  
  36  3:43  Probe  
  36  3:46  Probe  
  38  3:53  Phoenix, Assimilator  
  38  3:55  Probe  
  39  3:56  Assimilator  
  39  3:58  Probe  
  42  4:07  Probe  
  43  4:11  Probe  
  43  4:15  Gateway  
  44  4:18  Pylon  
  44  4:19  Probe  
  45  4:24  Probe  
  45  4:28  Oracle  
  46  4:35  Stargate  
  49  4:43  Probe x2, Pylon  
  51  4:46  Pylon  
  51  4:57  Oracle  
  51  4:58  Sentry  
  53  5:06  Probe  
  54  5:13  Oracle  
  57  5:20  Zealot  
  57  5:21  Zealot  
  61  5:26  Pylon  
  61  5:27  Probe  
  61  5:28  Probe  
  66  5:32  Zealot  
  68  5:42  Oracle, Pylon  
  68  5:44  Oracle  
  71  5:52  Pylon  
  74  6:00  Pylon  
  74  6:09  Zealot x2  
  74  6:10  Zealot  
  80  6:18  Oracle  
  80  6:21  Oracle  
  83  6:31  Probe  
  83  6:32  Nexus, Twilight Council  
  85  6:34  Pylon  
  85  6:35  Probe  
  86  6:43  Probe  
  86  6:45  Oracle  
  86  6:46  Pylon  
  87  6:47  Probe  
  87  6:50  Zealot  
  90  6:58  Oracle  
  96  7:02  Pylon  
  96  7:05  Probe x2  
  98  7:10  Charge  
  97  7:22  Oracle  
  97  7:23  Gateway  
  97  7:24  Gateway  
  97  7:26  Probe  
  97  7:27  Probe  
  97  7:29  Gateway  
  102  7:33  Zealot x2  
  106  7:39  Probe  
  107  7:46  Probe  
  100  7:55  Nexus  
  97  8:03  Probe x2  
  95  8:11  Oracle x2  
  88  8:15  Probe x2  
  88  8:17  Zealot x3  
  102  8:27  Probe  
  102  8:30  Nexus  
  102  8:32  Probe  
  102  8:33  Pylon  
  101  8:48  Zealot x4  
  109  8:51  Oracle  
  109  8:54  Oracle  
  109  8:55  Probe  
  110  9:08  Probe x2  
  112  9:11  Zealot x3  
  114  9:22  Oracle, Zealot x3  
  117  9:25  Oracle  
  117  9:33  Pylon  
  117  9:35  Pylon  
  117  9:37  Probe x2  
  111  9:46  Zealot x2  
  111  9:51  Templar Archives  
  115  10:02  Psionic Storm  
  115  10:10  Oracle x2  
  121  10:20  Pylon  
  121  10:22  Pylon  
  121  10:29  High Templar x4  
  123  10:40  Zealot  
  123  10:41  Zealot  
  127  10:56  Forge  
  127  10:58  Forge  
  127  11:00  Robotics Facility  
  127  11:03  Zealot x5, Robotics Facility  
  127  11:04  Zealot  
  128  11:36  Zealot x5  
  128  11:37  Zealot  
  135  12:14  Zealot x5  
  135  12:15  Zealot  
Tags
 
Add a new tag
Caveats
  • Supply blocks, unpowered buildings, or Contaminate may cause inaccurate times.
  • Supply counts are checked every 10 seconds.